 Dungeon Crawl Stone Soup version 0.30.0-5-g1a98f26d00 (webtiles) character file.

Game seed: 11302152328353982386

1640232 Valagong the Slayer (level 23, 236/236 HPs)
             Began as a Minotaur Fighter on May 12, 2023.
             Was the Champion of Nemelex Xobeh.
             Escaped with the Orb
             ... and 3 runes!
             The game lasted 01:25:25 (64695 turns).

Valagong the Slayer (Minotaur Fighter)             Turns: 64695, Time: 01:25:26

Health: 236/236    AC: 35    Str: 24    XL:     23   Next: 92%
Magic:  38/38      EV: 14    Int: 10    God:    Nemelex Xobeh [******]
Gold:   3447       SH: 35    Dex: 17    Spells: 22/22 levels left

rFire   + + +        g - +3 broad axe (spect)
rCold   + . .        S - +6 tower shield {reflect}
rNeg    . . .        D - +0 gold dragon scales
rPois   +            A - +2 hat
rElec   +            P - +2 cloak
rCorr   .            E - +2 pair of gloves {Dex+3}
SInv    .            k - +2 pair of boots
Will    ++...        W - amulet of Xoiptaish {Reflect rF+ Int+5 Dex+4 SH+5} Stlth
                     L - ring of willpower
HPRegen 0.59/turn    G - ring "Val Xydoah" {rElec rPois rF+ EV+5 Str-4}
MPRegen 0.26/turn

%: reflection
@: no status effects
A: horns 2, retaliatory headbutt, clumsy 1, deterioration 1, weak 1
0: Orb of Zot
}: 3/15 runes: decaying, serpentine, slimy
a: Renounce Religion, Draw Escape, Draw Destruction, Draw Summoning, Triple
Draw, Deal Four, Stack Five


You escaped.
You worshipped Nemelex Xobeh.
Nemelex Xobeh was exalted by your worship.
You visited 10 branches of the dungeon, and saw 51 of its levels.
You also visited: Sewer.

You collected 7276 gold pieces.
You spent 3829 gold pieces at shops.

Inventory:

Hand Weapons
 a - a +9 broad axe of venom
 g - a +3 spectral broad axe (weapon)
Missiles
 e - 13 curare-tipped darts
Armour
 c - +3 storm dragon scales {Bai Suzhen}
 k - a +2 pair of boots (worn)
 A - a +2 hat (worn)
 D - +0 gold dragon scales (worn)
 E - a +2 pair of gloves of dexterity (worn)
 P - a +2 cloak (worn)
 S - a +6 tower shield of reflection (worn)
 Z - a +3 plate armour of cold resistance
Jewellery
 s - a +4 ring of protection
 C - a ring of protection from fire
 G - the ring "Val Xydoah" (right hand) {rElec rPois rF+ EV+5 Str-4}
   (You found it on level 5 of the Pits of Slime)

   [ring of evasion]

   EV:        It affects your evasion (+5).
   Str:       It affects your strength (-4).
   rF:        It protects you from fire.
   rElec:     It insulates you from electricity.
   rPois:     It protects you from poison.
 H - a ring of resist corrosion
 K - a +5 ring of evasion
 L - a ring of willpower (left hand)
 O - a ring of willpower
 Q - a ring of protection from cold
 W - the amulet of Xoiptaish (around neck) {Reflect rF+ Int+5 Dex+4 SH+5}
   (You found it on level 5 of the Pits of Slime)

   [amulet of reflection]

   It reflects blocked missile attacks.
   Int:       It affects your intelligence (+5).
   Dex:       It affects your dexterity (+4).
   rF:        It protects you from fire.
   SH:        It affects your SH (+5).
Wands
 v - a wand of digging (15)
 B - a wand of iceblast (63) (quivered)
 M - a wand of mindburst (72)
 N - a wand of light (21)
Scrolls
 b - 4 scrolls of vulnerability
 j - 10 scrolls of fog
 l - 3 scrolls of butterflies
 n - 6 scrolls of silence
 t - 17 scrolls of teleportation
 u - 4 scrolls of magic mapping
 y - 4 scrolls of poison
 z - 6 scrolls of blinking
 V - 4 scrolls of fear
Potions
 d - 4 potions of flight
 f - 5 potions of cancellation
 h - 2 potions of haste
 i - 8 potions of attraction
 m - a potion of might
 o - 5 potions of magic
 p - 7 potions of lignification
 q - 16 potions of curing
 r - 7 potions of resistance
 w - 2 potions of heal wounds
 F - 5 potions of ambrosia
 I - 2 potions of berserk rage
 J - 2 potions of invisibility
 X - 3 potions of mutation
Miscellaneous
 x - a tin of tremorstones (2/2)
 R - a phantom mirror (inert)
 T - a lightning rod (4/4)
 U - a phial of floods
 Y - a box of beasts


   Skills:
 + Level 25.9 Fighting
 - Level 18.0 Axes
 + Level 18.5 Armour
 - Level 8.2 Dodging
 + Level 24.0 Shields
 + Level 25.6 Invocations


You had 22 spell levels left.
You didn't know any spells.
Your spell library contained the following spells:

 Spells                   Type           Power      Damage    Failure   Level
 Dazzling Flash           Conj/Hex       0%         N/A       100%        3
 Iskenderun's Mystic Bla  Conj/Tloc      0%         2d3       100%        4
 Borgnjor's Vile Clutch   Necr/Erth      0%         N/A       100%        5


Dungeon Overview and Level Annotations

Branches:
Dungeon (15/15)            Temple (0/1) D:6            Lair (5/5) D:11
  Swamp (4/4) Lair:2        Snake (4/4) Lair:3        Slime (5/5) Lair:5
    Orc (2/2) D:10            Elf (3/3) Orc:2        Vaults (4/5) D:13
  Crypt (0/3) Vaults:2     Depths (4/4) D:15            Zot (5/5) Depths:4
  Sewer (visited)

Altars:
Ashenzari
Cheibriados
Dithmenos
Elyvilon
Fedhas
Gozag
Makhleb
Nemelex Xobeh
Qazlal
Ru
Sif Muna
Uskayaw
Vehumet
Xom
Jiyva

Shops:
D:6 :*   D:8 ?   D:10 !   D:11 *   Orc:2 :([(   Elf:1 :   Elf:3 =   Snake:2 **[
Vaults:2 (   Vaults:4 ?(   Depths:4 :==*

Portals:
Hell: Depths:4
Abyss: Depths:2
Trove: D:11 (give 2 scrolls of acquirement)

Annotations:
Lair:1 1 runed translucent door, FizzleGong's ghost, journeyman MeEE
Lair:5 1 runed translucent door
Snake:1 exclusion: 2 ice statues
Snake:4 Roxanne
Elf:2 3 runed translucent doors
Vaults:3 36 runed doors


Innate Abilities, Weirdness & Mutations

You have a pair of horns on your head.
You reflexively headbutt those who attack you in melee.
You are clumsy. (Dex -2)
Your body sometimes deteriorates upon taking damage.
You are weak. (Str -2)


Message History

Blink to where?
Press: ? - help, Q - select action, (/) - cycle Dir - move target
As you read the scroll of blinking, it crumbles to dust.
The tormentor moves out of view.
There is a stone staircase leading up here.
You climb upwards.
There is a stone staircase leading down here.
(D) Dungeon (T) Temple (L) Lair (S) Swamp (P) Snake Pit (M) Slime Pits (O) Orcish Mines (E) Elven Halls (V) Vaults (C) Crypt (U) Depths (H) Hell (Z) Zot
Where to? (Enter - D:1 @ (x,y), ? - help)
What level of the Dungeon? (default 1, ? - help)
There is a stone staircase leading up here.
You climb upwards.
There is a stone staircase leading down, spattered with blood here.
Things that are here:
a +1 leather armour of poison resistance; a +0 short sword
There is a stone staircase leading up here.
You climb upwards.
There is a stone staircase leading down here.
A rust devil comes into view.
There is a stone staircase leading up here.
You climb upwards.
There is a stone staircase leading down here.
(D) Dungeon (T) Temple (L) Lair (S) Swamp (P) Snake Pit (M) Slime Pits (O) Orcish Mines (E) Elven Halls (V) Vaults (C) Crypt (U) Depths (H) Hell (Z) Zot
Where to? (Enter - D:1 @ (x,y), ? - help)
What level of the Dungeon? (default 1, ? - help)
There is a stone staircase leading up here.
You climb upwards.
There is a stone staircase leading down here.
There is a stone staircase leading up here.
You climb upwards.
There is a stone staircase leading down here.
There is an open door here.
There is a staircase leading out of the dungeon here.
You have escaped!

#####.#####.#######.#.#.#####
#####>.....(................#....
.>.....##.#############.#.###..♣♣
........................#.###.♣#
....##.#################...##.♣
###.#...#.### #.# ###.#..#..♣#
#...#...##..####'####..##..#.:.♣♣
#...#...####..'...'..####..#.....
#...#...# ####.@.#### #..#.[.♣♣
#...#...####..'...'..####.....♣#
#...#...##..####'####..##.....♣
#...#...#.### #.# ###.#>....♣#
#........## ### ##.......♣♣
#...##....# #.########........
#..###....# #...............#.
#.........# #.#########.#.###.
##.####.### #.# #...# #.


There were no monsters in sight!

Vanquished Creatures
  the Royal Jelly (Slime:5)
  Dissolution (Slime:1)
  3 dread liches
  2 ancient liches (Zot:5)
  2 orbs of fire
  Mennas (Vaults:4)
  Margery (Vaults:2)
  Bai Suzhen (Swamp:4)
  3 Killer Klowns
  3 curse toes (Zot:5)
  A caustic shrike (Slime:4)
  2 golden dragons
  A bone dragon (Depths:4)
  Jory (Vaults:4)
  An iron giant (Depths:4)
  2 electric golems
  10 tentacled monstrosities
  22 Orb Guardians (Zot:5)
  12 acid blobs
  A titan (Depths:3)
  2 deep elf blademasters (Elf:3)
  2 quicksilver dragons
  Asterion (Vaults:2)
  2 deep elf master archers (Elf:3)
  8 death cobs
  3 sphinxes
  A tengu reaver (Depths:4)
  5 draconian monks
  5 storm dragons
  A fenstrider witch (Swamp:4)
  5 shadow dragons
  A demonspawn warmonger (Depths:3)
  6 rockslimes
  8 azure jellies
  12 nagarajas
  An iron dragon (Depths:4)
  4 deep elf sorcerers
  Louise (Swamp:1)
  2 draconian knights (Zot:3)
  12 vault wardens
  An orc warlord (Orc:2)
  4 frost giants
  21 ironbound preservers
  3 deep elf elementalists (Elf:3)
  Aizul (Snake:2)
  3 draconian scorchers
  2 spriggan defenders (Depths:1)
  A reaper (Depths:3)
  A war gargoyle (Vaults:4)
  5 stone giants
  5 draconian annihilators
  7 quicksilver oozes
  4 draconian stormcallers
  3 ghouls (Swamp:3)
  5 ironbound thunderhulks
  A demonspawn blood saint (D:15)
  11 very ugly things
  4 deep elf demonologists (Elf:3)
  5 eleionomae
  7 black draconians
  6 green draconians
  The ghost of Nyzic the Grappler, a journeyman TrMo (Lair:4)
  5 purple draconians
  Azrael (Elf:1)
  7 yellow draconians
  4 bunyips
  4 deep elf annihilators (Elf:3)
  8 red draconians
  4 white draconians
  9 dire elephants
  2 green deaths (Swamp:4)
  A blizzard demon (D:15)
  5 deep elf death magi
  Snorg (D:14)
  6 ettins
  6 fire dragons
  6 great orbs of eyes
  9 yaktaur captains
  3 deep elf high priests
  A jiangshi (Vaults:2)
  2 rakshasas
  Josephine (Swamp:1)
  19 hydras
  2 catoblepae
  2 ogre magi
  13 vault guards
  7 ironbound frosthearts
  4 salamander tyrants
  2 spriggan air magi
  2 peacekeepers (Vaults:4)
  7 ice dragons
  17 centaur warriors
  10 anacondas
  7 alligators
  6 boulder beetles
  10 naga warriors
  12 dancing weapons
  8 tengu warriors
  6 two-headed ogres
  A vampire mage (Depths:1)
  3 deep troll earth magi
  4 spriggan berserkers
  A deep troll shaman (Depths:4)
  3 shock serpents
  2 thrashing horrors (Swamp:4)
  Sonja (Lair:1)
  15 naga sharpshooters
  12 deep elf knights
  7 hell knights
  4 orc high priests
  A soul eater (Zot:4)
  2 salamander mystics (Snake:3)
  2 skysharks
  2 death drakes (Zot:4)
  A skeletal warrior (D:14)
  4 goliath frogs
  A large abomination (Swamp:4)
  A shadow demon (D:15)
  14 naga ritualists
  6 swamp dragons
  2 glowing orange brains
  53 deep trolls
  3 spriggan druids
  8 wizards
  13 deep elf archers
  12 ironbound convokers
  11 bog bodies
  An obsidian statue (Zot:5)
  30 deep elf pyromancers
  7 lindwurms
  A phantasmal warrior (Vaults:4)
  5 orc sorcerers
  19 deep elf zephyrmancers
  11 mana vipers
  8 necromancers
  35 ugly things
  3 orc knights
  A wolf spider (Swamp:3)
  A frost giant zombie (Vaults:1)
  5 will-o-the-wisps
  5 shining eyes (Slime:5)
  7 cyclopes
  3 oklob plants (D:11)
  16 salamanders
  6 manticores
  14 moths of wrath
  11 naga magi
  15 elephants
  12 vault sentinels
  A black mamba (shapeshifter) (D:14)
  A rust devil (Depths:3)
  46 black mambas
  2 eyes of devastation
  4 guardian serpents (Snake:4)
  3 gargoyles
  3 rime drakes
  3 orange demons (Swamp:4)
  Psyche (D:10)
  An unseen horror (D:12)
  5 kobold demonologists
  9 cane toads
  4 komodo dragons
  19 yaktaurs
  2 efreet
  4 freezing wraiths
  4 tengu conjurers
  5 trolls
  A queen bee (shapeshifter) (D:14)
  A human zombie (Vaults:1)
  6 polar bears (Lair:5)
  4 tyrant leeches
  A yaktaur skeleton (Vaults:1)
  15 hornets
  8 blink frogs
  61 slime creatures
  3 air elementals
  A deep troll skeleton (Vaults:1)
  5 water elementals
  4 shadows
  29 yaks
  23 spriggans
  A human (Lair:5)
  A vampire (D:14)
  3 basilisks
  7 wraiths
  Eustachio (D:6)
  5 golden eyes
  5 wyverns
  2 steam dragons
  4 fire elementals
  A fire bat (Snake:4)
  7 vampire mosquitoes
  A chaos spawn (D:15)
  A swamp worm (shapeshifter) (Elf:3)
  3 wargs (Orc:1)
  Menkaure (D:5)
  2 human simulacra (Vaults:2)
  9 swamp worms
  4 acid dragons
  A water moccasin (shapeshifter) (D:14)
  44 nagas
  14 water moccasins
  Duvessa (D:5)
  A glowing shapeshifter skeleton (Vaults:1)
  2 hell hounds (Elf:1)
  37 orc warriors
  4 swamp drakes
  2 sky beasts
  6 black bears
  A deep troll simulacrum (Vaults:2)
  4 ogres
  25 wolves
  7 boggarts
  A tengu (Swamp:3)
  11 centaurs
  5 kobold brigands
  9 bullfrogs
  3 scorpions
  4 earth elementals
  3 gnoll sergeants
  5 wights (D:8)
  A small abomination (Swamp:4)
  Dowan (D:5)
  8 killer bees (D:9)
  A howler monkey (D:12)
  2 vampire bats (Lair:3)
  An electric eel (Lair:1)
  A crimson imp (D:4)
  3 lava snakes (Lair:3)
  9 jellies
  14 orc priests
  A sleepcap (D:6)
  2 hounds (D:5)
  3 iguanas
  25 orc wizards
  A hell rat (Sewer)
  Terence (D:2)
  6 adders
  12 gnolls
  4 river rats
  3 white imps
  An ufetubus (D:7)
  3 worms
  3 dart slugs
  86 orcs
  12 bats
  6 endoplasms
  4 giant cockroaches
  8 goblins
  5 hobgoblins
  4 jackals (D:1)
  4 quokkas
  11 ball pythons
  2 frilled lizards (D:1)
  21 kobolds
  13 rats
  A fire vortex (Depths:4)
1688 creatures vanquished.

Vanquished Creatures (collateral kills)
  the Lernaean hydra (Swamp:4)
  A deep elf sorcerer (Elf:3)
  A deep troll earth mage (D:12)
  2 slime creatures (Swamp:4)
  An orc (Elf:3)
6 creatures vanquished.

Vanquished Creatures (others)
  A draconian knight (Zot:4)
  A bunyip (Swamp:3)
  A hydra (Swamp:2)
  4 deep elf knights
  A swamp dragon (Swamp:3)
  A naga ritualist (Snake:4)
  7 bloated husks
  A large abomination (Swamp:4)
  A hornet (Swamp:3)
  A swamp worm (Swamp:3)
  An orc warrior (Elf:3)
  An orc wizard (D:9)
  34 foxfires
  56 spectral weapons
111 creatures vanquished.

Grand Total: 1805 creatures vanquished

Notes
Turn   | Place    | Note
-------+----------+-------------------------------------------
     0 | D:1      | Valagong the Minotaur Fighter began the quest for the Orb.
     0 | D:1      | Reached XP level 1. HP: 19/19 MP: 0/0
    52 | D:1      | Reached XP level 2. HP: 17/27 MP: 1/1
   775 | D:2      | Reached XP level 3. HP: 33/33 MP: 2/2
   899 | D:2      | Found a faded altar of an unknown god.
  1298 | D:2      | Reached XP level 4. HP: 40/41 MP: 3/3
  1439 | D:2      | Noticed Terence
  1449 | D:2      | Killed Terence
  1823 | D:3      | Found a sparkling altar of Nemelex Xobeh.
  1827 | D:3      | Became a worshipper of Nemelex Xobeh the Trickster
  2366 | D:4      | Reached skill level 5 in Fighting
  2366 | D:4      | Reached skill level 5 in Armour
  2366 | D:4      | Reached XP level 5. HP: 35/48 MP: 4/4
  2458 | D:4      | Reached * piety under Nemelex Xobeh
  2557 | D:4      | Found a burning altar of Makhleb.
  2557 | D:4      | Found a shimmering altar of Xom.
  2592 | D:4      | Found a glowing drain.
  2606 | Sewer    | Entered a sewer
  2636 | Sewer    | Reached skill level 5 in Axes
  2673 | Sewer    | Reached XP level 6. HP: 56/56 MP: 5/5
  2937 | D:5      | Entered Level 5 of the Dungeon
  3071 | D:5      | Received a gift from Nemelex Xobeh
  3367 | D:5      | Found a stormy altar of Qazlal.
  3371 | D:5      | Noticed an orc warrior
  3373 | D:5      | Noticed a water moccasin
  3375 | D:5      | Reached XP level 7. HP: 57/62 MP: 6/6
  3602 | D:5      | Reached ** piety under Nemelex Xobeh
  3832 | D:6      | Noticed Duvessa
  3832 | D:6      | Noticed Dowan
  3832 | D:6      | Noticed Menkaure
  3833 | D:6      | Noticed a steam dragon
  3843 | D:5      | Killed Duvessa
  3844 | D:5      | Killed Dowan
  4052 | D:6      | Reached XP level 8. HP: 40/71 MP: 7/7
  4502 | D:5      | Killed Menkaure
  5042 | D:6      | Found a staircase to the Ecumenical Temple.
  5241 | D:6      | Noticed Eustachio
  5263 | D:6      | Killed Eustachio
  5331 | D:6      | Found Lug Foci's Self-Improvement Boutique.
  5347 | D:6      | Found Heraup's General Store.
  5358 | D:6      | Bought a scroll of blinking for 97 gold pieces
  5480 | D:7      | Received a gift from Nemelex Xobeh
  5712 | D:7      | Reached *** piety under Nemelex Xobeh
  5751 | D:7      | Reached skill level 10 in Axes
  5751 | D:7      | Reached XP level 9. HP: 81/81 MP: 8/8
  5791 | D:7      | Found a sacrificial altar of Ru.
  5846 | D:7      | Noticed a troll
  5858 | D:7      | Killed a troll
  6372 | D:8      | Found Baghop's Magic Scroll Shop.
  6381 | D:8      | Bought a scroll of identify for 24 gold pieces
  6381 | D:8      | Bought a scroll of identify for 24 gold pieces
  6381 | D:8      | Bought a scroll of teleportation for 36 gold pieces
  6528 | D:8      | Noticed a two-headed ogre
  6795 | D:8      | Killed a two-headed ogre
  7071 | D:8      | Found a hide-covered altar of Uskayaw.
  7106 | D:8      | Found a blossoming altar of Fedhas.
  7150 | D:8      | Received a gift from Nemelex Xobeh
  7203 | D:8      | Reached XP level 10. HP: 91/91 MP: 9/9
  7281 | D:9      | Found a shadowy altar of Dithmenos.
  7548 | D:9      | You fall into a shaft and drop 3 floors!
  7588 | D:11     | Noticed a cyclops
  7589 | D:11     | Noticed a two-headed ogre
  7592 | D:10     | Entered Level 10 of the Dungeon
  7597 | D:10     | Killed a two-headed ogre
  7823 | D:10     | Reached skill level 10 in Fighting
  7823 | D:10     | Reached skill level 10 in Armour
  7824 | D:10     | Found a radiant altar of Vehumet.
  7825 | D:10     | Found a snail-covered altar of Cheibriados.
  7825 | D:10     | Found a broken altar of Ashenzari.
  7902 | D:9      | Reached **** piety under Nemelex Xobeh
  7914 | D:9      | Received a gift from Nemelex Xobeh
  8686 | D:9      | Noticed a soul eater
  8698 | D:9      | Reached skill level 1 in Dodging
  8886 | D:10     | Noticed Psyche
  8895 | D:10     | Killed Psyche
  8918 | D:10     | Found an opulent altar of Gozag.
  8918 | D:10     | Found a shimmering blue altar of Sif Muna.
  8918 | D:10     | Noticed a gargoyle
  8920 | D:10     | Found a white marble altar of Elyvilon.
  8923 | D:10     | Killed a gargoyle
  9104 | D:10     | Noticed a cyan ugly thing
  9115 | D:10     | Killed a cyan ugly thing
  9116 | D:10     | Reached XP level 11. HP: 67/101 MP: 10/10
  9285 | D:10     | Found Nacial's Distillery.
  9319 | D:10     | Reached skill level 5 in Shields
  9487 | D:10     | Found a viscous altar of Jiyva.
  9624 | D:10     | Received a gift from Nemelex Xobeh
  9696 | D:10     | Found a staircase to the Orcish Mines.
  9830 | D:10     | Reached skill level 15 in Axes
  9830 | D:10     | Reached skill level 5 in Dodging
  9830 | D:10     | Reached XP level 12. HP: 112/112 MP: 10/13
  9920 | D:11     | Found a portal to a secret trove of treasure.
  9965 | D:11     | Found Fudaog's Demolitions Depot.
 10044 | D:11     | Found a staircase to the Lair.
 10157 | D:11     | Noticed a two-headed ogre
 10202 | D:11     | Killed a two-headed ogre
 10814 | D:11     | Received a gift from Nemelex Xobeh
 10967 | D:11     | Bought a wand of flame (4) for 30 gold pieces
 11290 | D:12     | Reached ***** piety under Nemelex Xobeh
 11427 | D:12     | Noticed a two-headed ogre
 11441 | D:12     | Killed a two-headed ogre
 12176 | D:12     | Noticed a white very ugly thing
 12176 | D:12     | Noticed an ogre mage
 12176 | D:12     | Noticed a boulder beetle
 12176 | D:12     | Noticed a sphinx
 12178 | D:12     | Noticed a deep troll earth mage
 12183 | D:12     | Killed an ogre mage
 12184 | D:12     | Killed a boulder beetle
 12187 | D:12     | HP: 3/115 [white very ugly thing (49)]
 12189 | D:12     | Killed a white very ugly thing
 12192 | D:12     | Killed a deep troll earth mage
 12193 | D:12     | Reached XP level 13. HP: 18/122 MP: 14/14
 12197 | D:12     | Killed a sphinx
 13073 | Lair:1   | Entered Level 1 of the Lair of Beasts
 13280 | Lair:1   | Noticed Sonja
 13292 | Lair:1   | Killed Sonja
 13405 | Lair:1   | Reached skill level 15 in Fighting
 13610 | Lair:1   | Received a gift from Nemelex Xobeh
 13988 | Lair:1   | Received a gift from Nemelex Xobeh
 14080 | Lair:1   | Found a runed translucent door.
 14082 | Lair:1   | Noticed FizzleGong's ghost (journeyman MeEE)
 14601 | Lair:2   | Reached skill level 5 in Invocations
 14639 | Lair:2   | Received a gift from Nemelex Xobeh
 14645 | Lair:2   | Found a staircase to the Swamp.
 14726 | Lair:2   | Identified the staff of death "Kaathru" {*Slow rN+ Int+5
                  | Dex+2}
 15049 | Lair:2   | Identified the -1 hat "Kushelanat" {rN+}
 15253 | Lair:3   | Received a gift from Nemelex Xobeh
 15388 | Lair:3   | Found a dark tunnel.
 15633 | Lair:3   | Received a gift from Nemelex Xobeh
 15652 | Lair:3   | Found a staircase to the Snake Pit.
 16154 | Lair:4   | Reached ****** piety under Nemelex Xobeh
 16334 | Lair:4   | Found a runed translucent door.
 16334 | Lair:4   | Noticed Nyzic's ghost (journeyman TrMo)
 16342 | Lair:4   | Received a gift from Nemelex Xobeh
 17011 | Lair:5   | Entered Level 5 of the Lair of Beasts
 17011 | Lair:5   | Received a gift from Nemelex Xobeh
 17296 | Lair:5   | Reached XP level 14. HP: 72/135 MP: 20/20
 17574 | Lair:5   | Reached skill level 10 in Invocations
 18045 | Lair:5   | Identified the +1 spear of the Haunted God {speed, rF-
                  | Dex+7 Stlth+}
 18111 | Lair:5   | Found a viscous altar of Jiyva.
 18865 | Lair:5   | Received a gift from Nemelex Xobeh
 19122 | Lair:5   | Found a staircase to the Slime Pits.
 19268 | Lair:5   | Found a runed translucent door.
 19505 | Orc:1    | Entered Level 1 of the Orcish Mines
 19718 | Orc:1    | Found a shimmering blue altar of Sif Muna.
 19784 | Orc:2    | Entered Level 2 of the Orcish Mines
 19784 | Orc:2    | Received a gift from Nemelex Xobeh
 19914 | Orc:2    | Found Iwagrame's Book Shop.
 20039 | Orc:2    | Noticed an orc warlord
 20069 | Orc:2    | Killed an orc warlord
 20457 | Orc:2    | Received a gift from Nemelex Xobeh
 20703 | Orc:2    | Found Viqul's Antique Armour Boutique.
 20734 | Orc:2    | Found Utoton's Antique Weapon Shop.
 20740 | Orc:2    | Bought a transparent war axe for 238 gold pieces
 20740 | Orc:2    | Identified the +8 war axe of the Saviour {holy, rCorr
                  | Dex+5} (You bought it in a shop on level 2 of the Orcish
                  | Mines)
 20746 | Orc:2    | Bought a faintly glowing plate armour for 784 gold pieces
 20746 | Orc:2    | Identified the +2 plate armour of the Onion {Harm rF+} (You
                  | bought it in a shop on level 2 of the Orcish Mines)
 20892 | Orc:2    | Found Myifes's Weapon Boutique.
 21005 | Orc:2    | Found a staircase to the Elven Halls.
 21629 | D:13     | Found a gate to the Vaults.
 21648 | D:13     | Reached XP level 15. HP: 68/141 MP: 23/23
 21970 | D:13     | Received a gift from Nemelex Xobeh
 22701 | D:14     | Received a gift from Nemelex Xobeh
 23884 | D:14     | Identified the +0 shortbow of Maxudud {speed, rN+ Will-
                  | Dex+4 SInv}
 24105 | D:13     | Reached skill level 10 in Shields
 25137 | D:14     | Noticed Snorg
 25143 | D:14     | Killed Snorg
 25544 | D:14     | Received a gift from Nemelex Xobeh
 25630 | D:14     | Received a gift from Nemelex Xobeh
 26048 | D:15     | Entered Level 15 of the Dungeon
 26370 | D:15     | Received a gift from Nemelex Xobeh
 26396 | D:15     | Found a staircase to the Depths.
 26407 | D:15     | Reached XP level 16. HP: 81/149 MP: 25/25
 26611 | D:15     | Found a hide-covered altar of Uskayaw.
 27094 | Lair:4   | Killed Nyzic's ghost
 27505 | Orc:2    | Bought the +5 war axe of Nariplen {flame, rPois} for 722
                  | gold pieces
 27718 | D:6      | Bought a manual of Fighting for 880 gold pieces
 27868 | D:10     | Bought a potion of might for 60 gold pieces
 27868 | D:10     | Bought a potion of lignification for 45 gold pieces
 27868 | D:10     | Bought 2 potions of heal wounds for 150 gold pieces
 27868 | D:10     | Bought a potion of lignification for 45 gold pieces
 27868 | D:10     | Bought a potion of curing for 45 gold pieces
 27868 | D:10     | Bought a potion of curing for 45 gold pieces
 27868 | D:10     | Bought a potion of cancellation for 120 gold pieces
 28020 | Swamp:1  | Entered Level 1 of the Swamp
 28467 | Swamp:1  | Noticed Louise
 28578 | Swamp:1  | Killed Louise
 28785 | Swamp:1  | Noticed Josephine
 28795 | Swamp:1  | Killed Josephine
 28933 | Swamp:1  | Received a gift from Nemelex Xobeh
 30385 | Swamp:3  | Received a gift from Nemelex Xobeh
 30399 | Swamp:3  | Reached skill level 15 in Shields
 30399 | Swamp:3  | Reached skill level 15 in Invocations
 30688 | Swamp:3  | an eleionoma changed into a quicksilver dragon
 30688 | Swamp:3  | Noticed a quicksilver dragon
 30689 | Swamp:3  | a quicksilver dragon changed into a boulder beetle
 31227 | Swamp:4  | Entered Level 4 of the Swamp
 31472 | Swamp:4  | Noticed a tentacled monstrosity
 31488 | Swamp:3  | Killed a tentacled monstrosity
 33011 | Swamp:4  | Reached XP level 17. HP: 163/163 MP: 27/27
 33064 | Swamp:4  | Noticed Bai Suzhen
 33088 | Swamp:4  | Killed Bai Suzhen
 33212 | Swamp:4  | Noticed the 27-headed Lernaean hydra
 33230 | Swamp:4  | Killed the 26-headed Lernaean hydra
 33614 | Swamp:4  | Got a decaying rune of Zot
 33873 | Snake:1  | Entered Level 1 of the Snake Pit
 33900 | Snake:1  | Received a gift from Nemelex Xobeh
 33947 | Snake:1  | Found a frozen archway.
 34656 | Snake:1  | Received a gift from Nemelex Xobeh
 35656 | Snake:2  | Noticed Aizul
 35676 | Snake:2  | Killed Aizul
 35963 | Snake:2  | Found Lyideqeg's Antique Armour Boutique.
 35965 | Snake:2  | Found Roneaphia's General Store.
 35967 | Snake:2  | Found Fyxaf's Assorted Antiques.
 35971 | Snake:2  | Bought a pair of boots for 157 gold pieces
 35980 | Snake:2  | Bought a scroll of enchant weapon for 112 gold pieces
 35980 | Snake:2  | Bought a potion of curing for 45 gold pieces
 35982 | Snake:2  | Bought a slimy lapis lazuli ring for 170 gold pieces
 35982 | Snake:2  | Identified the ring "Laaps" {rC- Int+2 Slay+4 Stlth+} (You
                  | bought it in a shop on level 2 of the Snake Pit)
 36009 | Snake:2  | Received a gift from Nemelex Xobeh
 37537 | Snake:3  | Reached XP level 18. HP: 162/180 MP: 29/29
 37936 | Snake:4  | Entered Level 4 of the Snake Pit
 38021 | Snake:4  | Received a gift from Nemelex Xobeh
 39536 | Snake:4  | Got a serpentine rune of Zot
 39982 | Snake:4  | Noticed Roxanne
 40790 | Elf:1    | Entered Level 1 of the Elven Halls
 40796 | Elf:1    | Found Rozeog's Tremendous Tomes.
 40823 | Elf:1    | Received a gift from Nemelex Xobeh
 41133 | Elf:1    | Noticed Azrael
 41139 | Elf:1    | Killed Azrael
 41660 | Elf:1    | Received a gift from Nemelex Xobeh
 42291 | Elf:1    | Reached XP level 19. HP: 164/188 MP: 30/30
 42689 | Elf:2    | Identified the +6 sling of Cheibriados, Hungering {elec,
                  | Fragile Dex+4 SInv Stlth+}
 42838 | Elf:2    | Found a runed translucent gate.
 42838 | Elf:2    | Found a runed translucent gate.
 42839 | Elf:2    | Found a runed translucent gate.
 42913 | Elf:2    | Received a gift from Nemelex Xobeh
 43276 | Elf:3    | Entered Level 3 of the Elven Halls
 43276 | Elf:3    | Found Aqoiz's Jewellery Shoppe.
 44917 | Elf:3    | Identified the +11 falchion "Konutz" {venom, *Corrode rElec
                  | rPois Stlth-}
 45022 | Elf:3    | Identified the +5 morningstar of Afuy {freeze, rPois}
 45448 | Elf:3    | Identified the amulet "Qoymalifu" {+Blink rPois Regen+
                  | Int+3}
 45611 | Elf:3    | Identified the amulet of Jouwnuq {Faith rN+ MP+9}
 45771 | Elf:3    | Got Uhisos's Excursus on Scintillating Earth
 45784 | Elf:3    | Identified the staff of fire "Lyalysm" {+Blink Fly rElec
                  | rF+ Int+2}
 45835 | Elf:3    | Identified the staff of cold "Baugeoq" {rPois rF- rC+ Will+
                  | Int+2}
 46141 | Vaults:1 | Entered Level 1 of the Vaults
 46141 | Vaults:1 | Received a gift from Nemelex Xobeh
 46208 | Vaults:1 | Identified the +9 spear of Waruzy {heavy, *Corrode rPois
                  | MP+9 Str+3}
 46225 | Vaults:1 | Received a gift from Nemelex Xobeh
 46737 | Vaults:1 | Reached XP level 20. HP: 210/210 MP: 32/32
 46864 | Vaults:1 | Received a gift from Nemelex Xobeh
 47883 | Vaults:2 | Noticed Margery
 48154 | Vaults:2 | Killed Margery
 48302 | Vaults:2 | Noticed Asterion
 48309 | Vaults:2 | Killed Asterion
 48361 | Vaults:2 | Found a staircase to the Crypt.
 48466 | Vaults:2 | Received a gift from Nemelex Xobeh
 48529 | Vaults:2 | Found Baurch's Antique Weapon Shoppe.
 48748 | Vaults:2 | Received a gift from Nemelex Xobeh
 49195 | Vaults:2 | Received a gift from Nemelex Xobeh
 49470 | Vaults:2 | Reached skill level 15 in Armour
 49837 | Vaults:3 | Found a huge runed gate.
 49837 | Vaults:3 | Found a huge runed gate.
 49837 | Vaults:3 | Found a huge runed gate.
 49837 | Vaults:3 | Found a huge runed gate.
 49837 | Vaults:3 | Found a huge runed gate.
 49839 | Vaults:3 | Found a huge runed gate.
 49840 | Vaults:3 | Found a huge runed gate.
 49841 | Vaults:3 | Found a huge runed gate.
 49841 | Vaults:3 | Found a huge runed gate.
 49841 | Vaults:3 | Found a huge runed gate.
 49848 | Vaults:3 | Found a huge runed gate.
 49848 | Vaults:3 | Found a huge runed gate.
 49848 | Vaults:3 | Found a huge runed gate.
 49848 | Vaults:3 | Found a huge runed gate.
 49848 | Vaults:3 | Found a huge runed gate.
 49849 | Vaults:3 | Found a huge runed gate.
 49850 | Vaults:3 | Found a huge runed gate.
 49859 | Vaults:3 | Found a huge runed gate.
 49860 | Vaults:3 | Found a huge runed gate.
 49868 | Vaults:3 | Found a huge runed gate.
 49868 | Vaults:3 | Found a huge runed gate.
 49868 | Vaults:3 | Found a huge runed gate.
 49868 | Vaults:3 | Found a huge runed gate.
 49868 | Vaults:3 | Found a huge runed gate.
 49868 | Vaults:3 | Found a huge runed gate.
 49869 | Vaults:3 | Found a huge runed gate.
 49870 | Vaults:3 | Found a huge runed gate.
 49871 | Vaults:3 | Found a huge runed gate.
 49879 | Vaults:3 | Found a huge runed gate.
 49879 | Vaults:3 | Found a huge runed gate.
 49879 | Vaults:3 | Found a huge runed gate.
 49879 | Vaults:3 | Found a huge runed gate.
 49879 | Vaults:3 | Found a huge runed gate.
 49879 | Vaults:3 | Found a huge runed gate.
 49944 | Vaults:3 | Received a gift from Nemelex Xobeh
 50013 | Vaults:3 | Identified the +8 arbalest of the Undead {speed, Will+}
 50358 | Vaults:3 | Found a huge runed gate.
 50358 | Vaults:3 | Found a huge runed gate.
 50536 | Vaults:4 | Noticed Mennas
 50555 | Vaults:4 | Killed Mennas
 50628 | Vaults:4 | Found Tisteck's Weapon Shop.
 50628 | Vaults:4 | Received a gift from Nemelex Xobeh
 50697 | Vaults:4 | Noticed Jory
 50700 | Vaults:4 | Noticed a dread lich
 50708 | Vaults:4 | Killed Jory
 50712 | Vaults:4 | Killed a dread lich
 50828 | Vaults:4 | Reached XP level 21. HP: 108/217 MP: 33/33
 50948 | Vaults:4 | Found Dumoec's Magic Scroll Shoppe.
 51364 | Vaults:4 | Identified the +3 ring mail "Otitebb" {+Inv}
 51678 | Vaults:4 | Identified the +7 chain mail "Duvvukkufy" {rElec rCorr
                  | Str-4 SInv}
 52188 | Slime:1  | Entered Level 1 of the Pits of Slime
 52200 | Slime:2  | Noticed Dissolution
 52207 | Slime:1  | Killed Dissolution
 52490 | Slime:5  | Entered Level 5 of the Pits of Slime
 52535 | Slime:5  | an acid blob changed into a caustic shrike
 52535 | Slime:5  | Noticed a caustic shrike
 52541 | Slime:5  | Noticed the Royal Jelly
 52545 | Slime:4  | Killed a caustic shrike
 52784 | Slime:5  | Received a gift from Nemelex Xobeh
 52914 | Slime:5  | Found a viscous altar of Jiyva.
 52936 | Slime:5  | Gained mutation: You are clumsy. (Dex -2) [a shining eye]
 53395 | Slime:5  | Killed the Royal Jelly
 53529 | Slime:5  | Identified the +5 scale mail of the Sun {*Slow +Blink rElec
                  | Str+7 Dex-3}
 53530 | Slime:5  | Identified the +5 hand axe "Rechomea" {pain, Int+4}
 53544 | Slime:5  | Identified the staff of conjuration "Tirruaf Lede" {rF+
                  | Stlth+}
 53553 | Slime:5  | Identified the ring "Val Xydoah" {rElec rPois rF+ EV+5
                  | Str-4}
 53590 | Slime:5  | Identified the amulet of Xoiptaish {Reflect rF+ Int+5 Dex+4
                  | SH+5}
 53592 | Slime:5  | Identified the ring "Bimman" {rCorr MP+9 Str+7}
 53616 | Slime:5  | Got a slimy rune of Zot
 54331 | Depths:1 | Entered Level 1 of the Depths
 54369 | Depths:1 | Received a gift from Nemelex Xobeh
 54392 | Depths:1 | Noticed the Enchantress
 54399 | Depths:1 | the Enchantress changed into the Enchantress the dire
                  | elephant
 54399 | Depths:1 | Noticed the Enchantress
 54403 | Depths:1 | Killed the Enchantress the dire elephant
 54896 | Depths:2 | Reached XP level 22. HP: 188/226 MP: 35/35
 54984 | Depths:2 | Found a one-way gate to the infinite horrors of the Abyss.
 55097 | Depths:4 | Entered Level 4 of the Depths
 55744 | Depths:4 | Noticed a golden dragon
 55812 | Depths:4 | a golden dragon changed into an iron giant
 56737 | Depths:4 | Found a gate to the Realm of Zot.
 56750 | Depths:4 | Found a gateway to Hell.
 57191 | Depths:4 | Found Big Baal Hell's Store.
 57318 | Depths:4 | Received a gift from Nemelex Xobeh
 57350 | Depths:4 | Found Oneare's Book Emporium.
 57350 | Depths:4 | Found Esasko's Jewellery Boutique.
 57351 | Depths:4 | Found Xutar's Jewellery Boutique.
 57411 | Zot:1    | Entered Level 1 of the Realm of Zot
 57807 | Zot:2    | Noticed an orb of fire
 57823 | Zot:2    | Killed an orb of fire
 58274 | Zot:2    | Noticed a Killer Klown
 58291 | Zot:2    | Noticed a golden dragon
 58302 | Zot:2    | Killed a golden dragon
 58326 | Zot:2    | Killed a Killer Klown
 58556 | Zot:2    | Noticed a Killer Klown
 58593 | Zot:2    | Killed a Killer Klown
 59411 | Zot:4    | Noticed a curse toe
 59430 | Zot:4    | Received a gift from Nemelex Xobeh
 59441 | Zot:4    | Noticed a golden dragon
 59449 | Zot:4    | Killed a golden dragon
 59648 | Zot:3    | Reached XP level 23. HP: 196/234 MP: 38/38
 60515 | Zot:5    | Entered Level 5 of the Realm of Zot
 62509 | Zot:5    | Noticed an ancient lich
 62524 | Zot:5    | Killed an ancient lich
 62670 | Zot:5    | Noticed an ancient lich
 62672 | Zot:5    | Noticed a dread lich
 62679 | Zot:5    | Killed an ancient lich
 62681 | Zot:5    | Noticed a curse toe
 63043 | Zot:5    | Noticed an orb of fire
 63067 | Zot:5    | Killed a dread lich
 63079 | Zot:5    | Noticed a curse toe
 63086 | Zot:5    | Gained mutation: You are weak. (Str -2) [an orb of fire]
 63087 | Zot:5    | Gained mutation: Your body sometimes deteriorates upon
                  | taking damage. [an orb of fire]
 63101 | Zot:5    | Killed an orb of fire
 63108 | Zot:5    | Killed a curse toe
 63148 | Zot:5    | Received a gift from Nemelex Xobeh
 63491 | Zot:5    | Noticed a curse toe
 63500 | Zot:5    | Killed a curse toe
 63529 | Zot:5    | Noticed a Killer Klown
 63541 | Zot:5    | Killed a Killer Klown
 63640 | Zot:5    | Noticed a dread lich
 63655 | Zot:5    | Killed a dread lich
 63669 | Zot:5    | Killed a curse toe
 64086 | Zot:5    | Got the Orb of Zot
 64171 | Zot:4    | Noticed Sadi the pandemonium lord
 64249 | Depths:4 | Noticed Zuchupt the pandemonium lord
 64695 | D:$      | Escaped with the Orb!

Illustrated notes

Levels and vault maps discovered:
D:1:      dpeg_arrival_radiant, layout_basic, minmay_stone_trees_medium,
          chequers_serial_rivers_small_b
D:2:      layout_loops_corners, dreamdust_ecumenical_altar_grove, uniq_terence
D:3:      cheibrodos_helix_gallery, layout_loops_cross,
          nemelex_dance_club_becter, minivault_26, st_stairs_8
D:4:      layout_cave_pools, grunt_temple_overflow_champion_of_chaos,
          portal_sewer_entry_b
D:5:      layout_gridville, nicolae_qazlal_scattered_showers,
          small_statue_intersection
D:6:      layout_rooms, temple_fountains, serial_shops,
          nicolae_shop_just_a_little_nook, palyth_stone_intersect, minivault_27,
          nicolae_shop_self_help, uniq_eustachio, uniq_duvessa, uniq_menkaure
D:7:      layout_basic, nicolae_ru_the_path_less_chosen, st_stairs_1,
          minmay_misc_feat_roman
D:8:      layout_rooms, mainiacjoe_overflow_24_doors, lemuel_round_altar,
          serial_shops, shop
D:9:      layout_loops_corners, grunt_dithmenos_smoke, kennysheep_small_spiral,
          dk_vineyard_1
D:10:     layout_roguey, grunt_temple_overflow_open, erik_orc_1,
          nicolae_inconvenience_store, jiyva_altar_1, uniq_psyche
D:11:     layout_gridville, dpeg_oklobed_lair, nicolae_trove_entry_crossroad,
          nicolae_water_bricks, nicolae_blasting_shop
D:12:     layout_basic, library_closet, minmay_checkered_concentric_circles
D:13:     layout_roguey, erik_vaults_2
D:14:     minmay_the_grid_square_5x5_5x5_mashed
          [minmay_the_grid_square_5x5_trominoes,
          minmay_the_grid_square_5x5_corner, minmay_the_grid_square_5x5_two,
          minmay_the_grid_square_5x5_inverted_slash,
          minmay_the_grid_square_5x5_bite,
          minmay_the_grid_square_5x5_pentomino_r,
          minmay_the_grid_square_5x5_prize_gold,
          minmay_the_grid_square_5x5_one_wall,
          minmay_the_grid_square_5x5_prize_rear_guard,
          minmay_the_grid_square_5x5_minivault,
          minmay_the_grid_square_5x5_moneybag,
          minmay_the_grid_square_5x5_doubleslash,
          minmay_the_grid_square_5x5_prize_waves,
          minmay_the_grid_square_5x5_fancy_junction,
          minmay_the_grid_square_5x5_two_walls_b,
          minmay_the_grid_square_5x5_tri_point,
          minmay_the_grid_square_5x5_prize_monsterx,
          minmay_the_grid_square_5x5_two_walls_a,
          minmay_the_grid_square_5x5_prize_deathbox,
          minmay_the_grid_square_5x5_detours, minmay_the_grid_square_5x5_lines,
          minmay_the_grid_square_5x5_plus, minmay_the_grid_square_5x5_percent,
          minmay_the_grid_square_5x5_inner_i,
          minmay_the_grid_square_5x5_shrine2], layout_basic, uniq_snorg
D:15:     hangedman_depths_entry_civil_slaughter, layout_cave_pools,
          nicolae_uskayaw_suspiria
Lair:1:   layout_regular_city, ebering_ghost_inner_flame, serial_bayou_crossing,
          serial_bayou_shore_b, serial_bayou_shore_a, uniq_sonja
Lair:2:   layout_gridlike, swamp_mist_pool
Lair:3:   layout_misc_corridors, nicolae_snake_entry_warm_welcome,
          enter_volcano_1, roderic_batcave, grunt_megastairs_2
Lair:4:   layout_regular_city, gammafunk_ghost_grave, grunt_megastairs_5,
          lemuel_fruit_tree
Lair:5:   minmay_lair_end_enchanted_forest, layout_hall_layers,
          nicolae_slime_entry_field_trip, pdpol_lair_cabin_in_the_woods
Swamp:1:  layout_basic_swamp, hangedman_swamp_ruin_hall, uniq_josephine,
          uniq_louise
Swamp:2:  layout_basic_swamp, evilmike_swamp_ruin_house_2
Swamp:3:  layout_falls_marsh, hangedman_swamp_lotus, swamp_pool1,
          nicolae_swamp_some_circles
Swamp:4:  swamp_vile, layout_basic_swamp, hangedman_swamp_blocks, swamp_pool4,
          cheibrodos_swamp_witchery, uniq_bai_suzhen
Snake:1:  layout_chambers, special_room, portal_ice_cave_entry_ice_statue_two,
          serial_bayou_shore_b
Snake:2:  layout_misc_corridors, minmay_shop_star, uniq_aizul
Snake:3:  layout_layer_cave
Snake:4:  grunt_snake_rune_spirals, layout_onion, uniq_roxanne
Slime:1:  nicolae_slime_infinislime, layout_caves
Slime:2:  layout_caves, dissolution_awaits, uniq_dissolution
Slime:3:  layout_caves, special_room [special_room_jelly],
          nicolae_slime_barrier, nicolae_slime_crime_time
Slime:4:  layout_caves, nicolae_slime_getting_an_eyeful
Slime:5
Orc:1:    layout_caves, led_sif_book
Orc:2:    grunt_orc_community_town_hall, layout_diamond_mine,
          grunt_orc_community_big_house_2, grunt_orc_community_big_house_2,
          grunt_orc_community_house_1, grunt_orc_community_house_3,
          grunt_orc_community_house_1, grunt_orc_community_house_2,
          grunt_orc_community_house_2, grunt_orc_community_house_2,
          nicolae_orc_rockfall, mines2_david
Elf:1:    layout_geoelf_grid, evilmike_minifort, nicolae_shop_i_like_big_books,
          roderic_roman_lattice, uniq_azrael
Elf:2:    elven_hall_of_blades_hangedman_original [grunt_blade_entry_basic],
          layout_gridlike, dk_noncrumbling_2, lemuel_upstairs_altar
Elf:3:    elf_hall_gauntlet_narrow, layout_rooms, serial_shops, shop,
          st_stairs_9
Vaults:1: nicolae_vaults_angled_halls, ontoclasm_vaults_pinch, v_misc_10,
          vaults_mumra_hex, v_misc_22, hangedman_vaults_stretched_pinwheel,
          layout_vaults_quadrants
Vaults:2: minmay_crypt_entry_simple_corners, hangedman_vaults_trim,
          vaults_dpeg_cross, nicolae_vaults_offset_grid_hallway_1,
          v_alt_pattern_5, v_misc_30, hangedman_vaults_impose,
          nicolae_vaults_storage_room_glass, nicolae_vaults_double_plus_2,
          nicolae_vaults_display_case, nicolae_vaults_sealed_display,
          nicolae_vaults_tetromino_L_1, layout_vaults_chaotic_city,
          serial_shops, shop, uniq_margery, uniq_asterion
Vaults:3: door_vault, nicolae_vaults_tetromino_Z_2,
          ontoclasm_vaults_loading_screen, nicolae_vaults_storage_room_water,
          ontoclasm_vaults_misaligned, hangedman_vaults_stretched_pinwheel,
          ontoclasm_vaults_decontamination, vaults_room_fours,
          nicolae_vaults_closet_pinwheel_5, nicolae_vaults_network_quincunx
          [nicolae_vaults_network_quincunx_subvault,
          nicolae_vaults_network_quincunx_subvault,
          nicolae_vaults_network_quincunx_subvault,
          nicolae_vaults_network_quincunx_subvault,
          nicolae_vaults_network_quincunx_subvault], v_misc_26,
          nicolae_vaults_frosty_reception, layout_vaults_maze_snakey
Vaults:4: v_misc_5, vaults_room_boxed, nicolae_vaults_disjoint_gnomons,
          nicolae_vaults_taking_the_gang_shopping, nicolae_vaults_weapon_check,
          v_pattern_5, nicolae_vaults_murderbox, ontoclasm_vaults_ligature,
          layout_vaults_omnibox, serial_shops, nicolae_shop_statue_plus,
          serial_glass, uniq_jory, uniq_mara, uniq_mennas
Depths:1: layout_honeycomb, hell_entry, rand_demon_pan_entry_8,
          kennysheep_generic_room_4, uniq_enchantress
Depths:2: pf_snail_temple, layout_twisted_cross, enter_ziggurat_f,
          grunt_pan_entry_spiral, cheibriados_altar_1, abyss_entry, hellmouth_1
Depths:3: minmay_ornate_pinched, layout_basic, lightli_too_deep,
          minmay_misc_feat_columns, abyss_entry, serial_bayou_pond_b
Depths:4: grunt_crosshair, layout_gridlike, minmay_misc_feat_x,
          nicolae_hell_entry_big_baal_hell, minmay_shop_grove,
          serial_bayou_shore_b, grunt_megastairs_3
Zot:1:    layout_gridlike, st_stairs_9, grunt_megastairs_1, uniq_josephina
Zot:2:    grunt_zot_stairs_mandelzot, layout_gridlike
Zot:3:    kennysheep_bubbly, layout_twisted_circle
Zot:4:    hangedman_snap_crack_crunch, layout_cathedral_of_symmetry,
          hangedman_zot_decor_scrapings, uniq_vv
Zot:5:    layout_basic, skrybe_zot_glass_2

Skill      XL: |  1  2  3  4  5  6  7  8  9 10 11 12 13 14 15 16 17 18 19 20 21 22 23 |
---------------+----------------------------------------------------------------------+-----
Fighting       | 4 5 6 8 9 10 12 13 15 17 20 23 25 | 25.9
Armour         | 4 5 6 8 9 10 12 13 16 17 18 | 18.5
Axes           | 3 4 5 6 7 10 12 14 15 17 18 | 18.0
Dodging        | 2 5 7 8 |  8.2
Shields        | 4 5 7 13 16 19 20 22 23 24 | 24.0
Invocations    | 3 9 12 14 15 16 17 18 19 21 25 | 25.6

Action                     |  1- 3 |  4- 6 |  7- 9 | 10-12 | 13-15 | 16-18 | 19-21 | 22-24 || total
---------------------------+-------+-------+-------+-------+-------+-------+-------+-------++-------
  Melee: War axe           |    78 |   141 |   198 |   301 |  1090 |  1305 |       |       ||  3113
         Headbutt          |     8 |    13 |    25 |    58 |   256 |   332 |   364 |   315 ||  1371
         Broad axe         |       |       |       |       |       |   122 |  1270 |   912 ||  2304
  Throw: Dart              |       |       |     6 |     7 |       |       |       |       ||    13
 Invoke: Draw Destruction  |       |       |       |     9 |    18 |    18 |    13 |     5 ||    63
         Draw Summoning    |       |       |       |     1 |       |       |     4 |     1 ||     6
  Evoke: Wand              |       |       |     2 |       |     8 |     2 |     1 |     5 ||    18
         Phantom mirror    |       |       |       |       |       |     2 |     2 |     3 ||     7
    Use: Scroll            |     7 |     3 |    13 |     8 |     9 |    13 |     6 |    14 ||    73
         Potion            |       |     2 |     1 |     3 |       |    10 |     8 |    18 ||    42
   Stab: Distracted        |       |       |       |       |       |     2 |    25 |    25 ||    52
         Invisible         |       |       |       |       |       |     1 |     1 |       ||     2
 Armour: Scale mail        |    39 |    13 |       |       |       |       |       |       ||    52
         Chain mail        |       |    48 |     3 |       |       |       |    30 |       ||    81
         Plate armour      |       |       |   119 |   140 |   543 |   257 |    22 |    17 ||  1098
         Storm dragon scal |       |       |       |       |       |   116 |   193 |       ||   309
         Gold dragon scale |       |       |       |       |       |       |       |   119 ||   119
  Dodge: Dodged            |    30 |    55 |    68 |    85 |   359 |   233 |   200 |   136 ||  1166
  Block: Buckler           |    17 |    29 |    48 |    59 |   165 |       |       |       ||   318
         Kite shield       |       |       |       |       |   258 |    67 |       |       ||   325
         Reflection        |       |       |       |       |    27 |   186 |    98 |    18 ||   329
         Tower shield      |       |       |       |       |       |  1589 |  1181 |   775 ||  3545
